 Dungeon Crawl Stone Soup version 0.32-a0-699-g1ee5eff69a (webtiles) character file.

Game seed: 7919226847751027324

1978 910rd the Changeling (level 9, -7/74 HPs)
             Began as a White Draconian Shapeshifter on Mar 13, 2024.
             Was a Priest of Beogh.
             Killed by an exploding Duvessa (19 damage)
             ... ignited by their inner flame
             ... on level 7 of the Dungeon.
             The game lasted 00:22:31 (6221 turns).

910rd the Changeling (White Draconian Shapeshifter) Turns: 6221, Time: 00:22:31

Health: -7/74      AC: 14    Str: 21    XL:     9   Next: 1%
Magic:  12/12      EV: 15    Int: 11    God:    Beogh [***...]
Gold:   280        SH:  0    Dex: 10    Spells: 8/8 levels left

rFire   . .          .
                       - Unarmed
rCold   + . .        (shield currently unavailable)
rNeg    + . .        (body armour unavailable)
rPois   .            (helmet restricted)
rElec   .            o - +1 cloak {rCorr}
rCorr   +            (no gloves)
SInv    .            v - +0 pair of boots
Will    +....        m - amulet "Retetok" {Faith Will+ rCorr}
Stlth   +            r - ring of positive energy
HPRegen 0.32/turn    A - +4 ring of protection
MPRegen 0.13/turn

%: faith
@: lethally poisoned (-7 -> -16), flux-form, glowing
A: glow, contaminating, glacial breath, AC +7, unfitting armour, cold resistance
1, cold-blooded
a: Glacial Breath, Begin Untransformation, Renounce Religion, Smiting, Recall
Apostles, Dismiss Wardok, warrior


You were on level 7 of the Dungeon.
You worshipped Beogh.
Beogh was most pleased with you.
You were something dangerously unstable.
You visited 1 branch of the dungeon, and saw 7 of its levels.
You also visited: Sewer.

You collected 280 gold pieces.

Inventory:

Hand Weapons
 z - a +3 heavy spear
 F - a +1 dagger of venom
Missiles
 h - 4 javelins
 j - 8 poisoned darts (quivered)
 q - 2 datura-tipped darts
Armour
 o - a +1 cloak of preservation (worn)
 v - a +0 pair of boots (worn)
Jewellery
 m - the amulet "Retetok" (around neck) {Faith Will+ rCorr}
   (You found it on level 2 of the Dungeon)

   [amulet of faith]

   Faith:     It allows you to gain divine favour quickly.
   Will+:     It increases your willpower.
   rCorr:     It protects you from acid and corrosion.
 r - a ring of positive energy (left hand)
 A - a +4 ring of protection (right hand)
 B - a ring of ice
Talismans
 b - a beast talisman
 c - a flux talisman (active)
Wands
 D - a wand of iceblast (12)
 G - a wand of acid (11)
Scrolls
 d - 3 scrolls of revelation
 n - 2 scrolls of teleportation
 p - 2 scrolls of amnesia {unknown}
 t - 2 scrolls of identify {unknown}
 y - a scroll of fear {unknown}
 C - a scroll of vulnerability {unknown}
 E - a scroll of silence {unknown}
 H - a scroll of blinking {unknown}
Potions
 a - 2 potions of lignification
 e - 3 potions of heal wounds {unknown}
 g - 3 potions of curing
 l - a potion of brilliance {unknown}
 s - 3 potions of cancellation {unknown}
 u - 2 potions of might {unknown}
 w - 2 potions of resistance {unknown}
 x - a potion of haste {unknown}


   Skills:
 - Level 5.0 Fighting
 - Level 3.0 Dodging
 + Level 7.0 Unarmed Combat
 - Level 5.0 Invocations
 - Level 7.0 Shapeshifting


You had 8 spell levels left.
You didn't know any spells.
Your spell library contained the following spells:

 Spells                   Type           Power      Damage    Failure   Level
 Jinxbite                 Hex            0%         N/A       47%         2
 Gell's Gravitas          Tloc           0%         N/A       71%         3
 Sigil of Binding         Hex            0%         N/A       71%         3
 Summon Ice Beast         Ice/Summ       0%         N/A       71%         3
 Teleport Other           Tloc           0%         N/A       71%         3
 Summon Mana Viper        Hex/Summ       0%         N/A       100%        5
 Yara's Violent Unravell  Hex/Alch       0%         3d3       100%        5
 Death Channel            Necr           0%         N/A       100%        6
 Dispersal                Tloc           0%         N/A       100%        6
 Sculpt Simulacrum        Ice/Alch       0%         N/A       100%        6
 Enfeeble                 Hex            0%         N/A       100%        7
 Monstrous Menagerie      Summ           0%         N/A       100%        7


Dungeon Overview and Level Annotations

Branches:
Dungeon (7/15) Zot: 26990   Sewer (visited)
 Temple: D:4-7

Altars:
Cheibriados
Kikubaaqudgha
Sif Muna
Vehumet
Wu Jian

Annotations:
D:7 Dowan


Innate Abilities, Weirdness & Mutations

You are something dangerously unstable.
You glow with magical radiation, making you easy to see and hit.
Foes you strike become dangerously contaminated with magical radiation.
You are incapable of wielding weapons or throwing items.
Your facial features look somewhat orcish.
You can breathe waves of cold which freeze foes solid.
Your icy white scales are hard. (AC +7)
You cannot fit into any form of body armour.
Your flesh is cold resistant. (rC+)
You are cold-blooded and may be slowed by cold attacks.


Message History

Flame seeps out of the yak.
You tail-slap the yak.
The yak is severely wounded.
Flame seeps out of the yak. x3; Flame seeps out of Wardok.
Duvessa is engulfed in poison gas.
Duvessa is poisoned.
Flame seeps out of Duvessa.
Duvessa says, "My weaknesses are his strengths!"
Duvessa barely misses you.
The yak is engulfed in poison gas.
The yak looks even sicker.
Flame seeps out of the yak.
The yak misses you.
The yak is engulfed in poison gas.
The yak looks even sicker.
Flame seeps out of the yak.
The yak barely misses you.
The yak is engulfed in poison gas.
The yak looks even sicker.
Flame seeps out of the yak.
Wardok is engulfed in poison gas.
Wardok looks as sick as possible!
Flame seeps out of Wardok.
You hit the yak.
Flame seeps out of the yak.
The yak glows dangerously bright.
Flame seeps out of the yak.
You tail-slap the yak.
The yak is almost dead.
Flame seeps out of Duvessa.
Flame seeps out of the yak. x2
Flame seeps out of Wardok.
Duvessa looks even sicker.
Duvessa says, "My weaknesses are his strengths!"
Duvessa hits you but does no damage.
You are poisoned.
The yak is engulfed in poison gas.
The yak looks even sicker.
Beogh accepts your kill.
The yak explodes!
The fiery explosion engulfs Duvessa!!!
Beogh accepts your kill.
You hear a distant wail of despair.
The fiery explosion engulfs the yak!!!
Beogh accepts your kill. The fiery explosion engulfs you!!
* * * LOW HITPOINT WARNING * * *
The yak explodes!
The fiery explosion engulfs you!!!
Ouch! That really hurt!
* * * LOW HITPOINT WARNING * * *
The fiery explosion engulfs the yak.
Flame seeps out of the yak.
The yak is heavily wounded.
Duvessa explodes!
The fiery explosion engulfs you!!
You die...

...............
......☼§§§§☼§§§§§§§§#
#.....§§§§§§§☼§§§§§§#
#.....§§§§§☼§☼§§§§§§§
##....§§§§o§.§§§§§§§§
#....§§§.§§§☼§§§§§§§
§§§§§§☼☼§§§§☼#
§§.§§°§§§☼§§#
§§c§§§§p§§§#
§§§§§§Y☼§§##
§§§§§§§§§##
☼§§§§§☼§## §#§§#####
###


You could see a yak (inner flame, very poisoned), a centaur (inner flame) and
the friendly Wardok the orc apostle (inner flame, extremely poisoned).

Vanquished Creatures
  A kobold demonologist (D:5)
  Grinder (D:5)
  2 yaks (D:7)
  Duvessa (D:7)
  An ice beast (D:6)
  A black bear (D:4)
  An ogre (D:4)
  A crocodile (Sewer)
  A centaur (D:6)
  A phantom (D:5)
  2 bullfrogs (D:6)
  A gnoll sergeant (D:5)
  2 scorpions
  A bombardier beetle (D:6)
  A gnoll bouda (D:5)
  2 hounds (D:4)
  3 orc priests
  2 iguanas
  3 orc wizards
  Ijyb (D:5)
  Robin (D:3)
  8 gnolls (D:5)
  5 adders
  2 ufetubi (D:5)
  2 dart slugs
  3 ribbon worms
  13 orcs
  7 endoplasms
  2 giant cockroaches
  14 goblins
  12 hobgoblins
  13 jackals
  7 quokkas
  11 ball pythons
  6 bats
  3 frilled lizards
  14 kobolds
  6 rats
158 creatures vanquished.

Vanquished Creatures (collateral kills)
  2 orc wizards (D:6)
  2 ufetubi (D:6)
  2 orcs (D:6)
6 creatures vanquished.

Vanquished Creatures (others)
  4 orcs
4 creatures vanquished.

Grand Total: 168 creatures vanquished

Notes
Turn   | Place    | Note
-------+----------+-------------------------------------------
     0 | D:1      | 910rd the Draconian Shapeshifter began the quest for the
                  | Orb.
     0 | D:1      | Reached XP level 1. HP: 16/16 MP: 1/1
     0 | D:1      | 910rd: !lg .
     0 | D:1      | beem: 1847. 910rd the Mimic (L9 DrSh of Beogh), demolished
                  | by an ogre (a +0 giant club) (kmap: layout_roguey;
                  | special_room_orc) on D:9 on 2024-03-12 02:21:01, with 3367
                  | points after 8582 turns and 0:22:38.
   104 | D:1      | Reached XP level 2. HP: 19/23 MP: 2/2
   760 | D:1      | Reached XP level 3. HP: 25/29 MP: 3/3
  1664 | D:2      | Reached XP level 4. HP: 33/36 MP: 4/4
  1771 | D:2      | Identified the amulet "Retetok" {Faith Will+ rCorr}
  2090 | D:3      | Became a worshipper of Beogh the Shepherd
  2282 | D:3      | Noticed Robin
  2289 | D:3      | Killed Robin
  2437 | D:3      | Reached XP level 5. HP: 42/42 MP: 5/5
  2596 | D:3      | Reached * piety under Beogh
  2955 | D:4      | Noticed a black bear
  2965 | D:4      | Killed a black bear
  2966 | D:4      | Reached skill level 5 in Shapeshifting
  3012 | D:4      | Reached XP level 6. HP: 43/50 MP: 6/6
  3662 | D:5      | Entered Level 5 of the Dungeon
  3726 | D:5      | Reached ** piety under Beogh
  3746 | D:5      | Your scales start taking on an icy white colour.
  3746 | D:5      | Reached XP level 7. HP: 51/56 MP: 7/7
  3746 | D:5      | Gained mutation: Your flesh is cold resistant. (rC+) [White
                  | Draconian growth]
  3757 | D:5      | Found a glowing drain.
  3763 | Sewer    | Entered a sewer
  4098 | D:5      | Noticed Grinder
  4147 | D:5      | Killed Grinder
  4346 | D:5      | Reached XP level 8. HP: 56/63 MP: 10/10
  4448 | D:5      | Noticed a kobold demonologist
  4463 | D:5      | Killed a kobold demonologist
  4464 | D:5      | Reached skill level 5 in Unarmed Combat
  4558 | D:5      | Noticed Ijyb
  4572 | D:5      | Killed Ijyb
  4906 | D:5      | Found an ancient bone altar of Kikubaaqudgha.
  5283 | D:6      | Reached skill level 5 in Invocations
  5386 | D:6      | Reached *** piety under Beogh
  5446 | D:6      | Reached skill level 5 in Fighting
  5464 | D:6      | Anointed Wardok the warrior as your apostle
  5652 | D:6      | Found a radiant altar of Vehumet.
  5670 | D:6      | Found a snail-covered altar of Cheibriados.
  5722 | D:6      | Found a shimmering blue altar of Sif Muna.
  5971 | D:6      | Found an ornate altar of the Wu Jian Council.
  5993 | D:6      | Reached XP level 9. HP: 74/74 MP: 12/12
  6212 | D:7      | Noticed Dowan
  6215 | D:7      | Noticed Duvessa
  6221 | D:7      | Killed Duvessa
  6221 | D:7      | Killed by an exploding Duvessa... ignited by their inner
                  | flame

Illustrated notes

Levels and vault maps discovered:
D:1:      dpeg_arrival_oval, layout_loops_corners, minmay_bisected
D:2:      layout_basic
D:3:      layout_loops_cross, nicolae_the_louvre, uniq_robin
D:4:      layout_basic, minmay_quadrilaterals
D:5:      layout_layer_cave, lemuel_doored_altar, gup_sewer_entry_bubbles,
          uniq_grinder, uniq_ijyb
D:6:      layout_loops_ring, nzn_wu_jian_contemplation, slow_altar_1,
          kennysheep_orc_sif_temple, vehumet_crystals
D:7:      kennysheep_big_flooded_room, layout_cave_pods,
          minmay_temple_entry_offerings, kennysheep_crisscross, uniq_duvessa

Skill      XL: |  1  2  3  4  5  6  7  8 |
---------------+-------------------------+-----
Dodging        | 2 3 |  3.0
Fighting       | 2 3 5 |  5.0
Shapeshifting  | 4 5 6 7 |  7.0
Invocations    | 3 5 |  5.0
Unarmed Combat | 4 7 |  7.0

Action                     |  1- 3 |  4- 6 |  7- 9 || total
---------------------------+-------+-------+-------++-------
  Melee: Unarmed           |   133 |   158 |   193 ||   484
         Tailslap          |    17 |    20 |    33 ||    70
         Punch             |       |     6 |       ||     6
  Throw: Dart              |       |    11 |     4 ||    15
 Invoke: Convert to Beogh  |       |     1 |       ||     1
         Recruit Apostle   |       |       |     1 ||     1
Ability: Glacial Breath    |       |       |     4 ||     4
  Evoke: Wand              |       |       |     2 ||     2
    Use: Potion            |       |     1 |     1 ||     2
         Scroll            |       |     1 |     4 ||     5
   Stab: Distracted        |       |       |     1 ||     1
 Armour: Skin              |    72 |    87 |   146 ||   305
  Dodge: Dodged            |    49 |    85 |   206 ||   340
         Form:             |     1 |     2 |       ||     3
         Beast             |     1 |     2 |       ||     3
         Flux              |       |       |     1 ||     1

Table legend: (Time is in decaauts)
 A = Elapsed time spent in this place.
 B = Non-inter-level travel time spent in this place.
 C = Inter-level travel time spent in this place.
 D = Time resting spent in this place.
 E = Time spent auto-exploring this place.
 F = Levels seen in this place.
 G = Mean time per level.
                   A        B        C        D        E       F      G
               +--------+--------+--------+--------+--------+-----+--------+
         Total |   6226 |   6131 |     95 |    400 |   4399 |   8 |  778.2 |
       Dungeon |   6035 |   5940 |     95 |    400 |   4292 |   7 |  862.1 |
         Sewer |    190 |    190 |      0 |      0 |    106 |   1 |  190.0 |
               +--------+--------+--------+--------+--------+-----+--------+

Top non-repeatable levels by time:
     D:5: 1453 daAuts
     D:1: 1130 daAuts
     D:3: 952 daAuts
     D:6: 929 daAuts
     D:4: 857 daAuts
     D:2: 703 daAuts
   Sewer: 190 daAuts
     D:7: 8 daAuts
